TOP OF THE 1ST |
New York Knights batting - Pitching for So Cal Henvy : LHP Ramiro Jiménez
|
Pitching: LHP Ramiro Jiménez
|
|
Batting: LHB Warren Potter
|
0-0: Ball 1-0: Ball 2-0: Swinging Strike 2-1: Ball 3-1: Swinging Strike 3-2: Foul Ball, location: 2F 3-2: Fly out, F8 (Flyball, 8RM)
|
Batting: RHB Pepe Carrasco
|
0-0: Called Strike 0-1: Ball 1-1: SINGLE (Line Drive, 4MD)
|
Batting: LHB Troy Donaldson
|
0-0: Called Strike 0-1: Ball 1-1: Swinging Strike 1-2: Ball 2-2: Fly out, F7 (Flyball, 7M)
|
Batting: LHB Tom Waller
|
0-0: Ball 1-0: Called Strike 1-1: Ball 2-1: Ball 3-1: Called Strike 3-2: Ground out 6-3 (Groundball, 6)
|
Top of the 1st over - 0 run(s), 1 hit(s), 0 error(s), 1 left on base; New York 0 - So Cal 0 |
BOTTOM OF THE 1ST |
So Cal Henvy batting - Pitching for New York Knights : RHP Dan Wilson
|
Pitching: RHP Dan Wilson
|
|
Batting: SHB Miguel González
|
0-0: Called Strike 0-1: Ball 1-1: Ground out 4-3 (Groundball, 4)
|
Batting: LHB John Peterson
|
0-0: Ball 1-0: Foul Ball, location: 2F 1-1: Ball 2-1: Ball 3-1: Base on Balls
|
Batting: RHB Earl Wiggins
|
0-0: Ball Wild Pitch! John Peterson to second 1-0: Foul Ball, location: 2F 1-1: Fly out, F9 (Flyball, 89D) Runner from 2nd tags up, SAFE at 3rd, no throw
|
Batting: LHB César Valentín
|
0-0: Called Strike 0-1: Called Strike 0-2: Fly out, F8 (Flyball, 8RXD)
|
Bottom of the 1st over - 0 run(s), 0 hit(s), 0 error(s), 1 left on base; New York 0 - So Cal 0 |
TOP OF THE 2ND |
New York Knights batting - Pitching for So Cal Henvy : LHP Ramiro Jiménez
|
Batting: RHB Cheng-ho Qiao
|
0-0: Ball 1-0: Swinging Strike 1-1: Foul Ball, location: 2F 1-2: Ground out 5-3 (Groundball, 56)
|
Batting: RHB Sixto Vélez
|
0-0: Foul Ball, location: 2F 0-1: Called Strike 0-2: Ball 1-2: Ground out U3 (Groundball, 3L)
|
Batting: RHB Daryl Floyd
|
0-0: Foul Ball, location: 2F 0-1: Swinging Strike 0-2: Strikes out swinging
|
Top of the 2nd over - 0 run(s), 0 hit(s), 0 error(s), 0 left on base; New York 0 - So Cal 0 |
BOTTOM OF THE 2ND |
So Cal Henvy batting - Pitching for New York Knights : RHP Dan Wilson
|
Batting: RHB Rubén Calderón
|
0-0: Ball 1-0: Foul Ball, location: 2F 1-1: SINGLE (Groundball, 4MD)
|
Batting: LHB José Antonio Santiago
|
0-0: Called Strike 0-1: Foul Ball, location: 2F 0-2: Strikes out swinging
|
Batting: RHB Morgan Gibbon
|
0-0: Ball 1-0: Fly out, F3 (Popup, 3SF)
|
Batting: SHB Derek Roach
|
0-0: Called Strike 0-1: Swinging Strike 0-2: Fly out, F8 (Flyball, 8LXD)
|
Bottom of the 2nd over - 0 run(s), 1 hit(s), 0 error(s), 1 left on base; New York 0 - So Cal 0 |
TOP OF THE 3RD |
New York Knights batting - Pitching for So Cal Henvy : LHP Ramiro Jiménez
|
Batting: RHB Lonnie Anderson
|
0-0: Called Strike 0-1: Ball 1-1: SINGLE (Groundball, 56D)
|
Batting: RHB Yasuhiko Sumita
|
0-0: Called Strike 0-1: Ball 1-1: Ball 2-1: Grounds into double play, U6-3 (Groundball, 6M)
|
Batting: LHB Warren Potter
|
0-0: Ball 1-0: Foul Ball, location: 2F 1-1: Ground out 4-3 (Groundball, 4)
|
Top of the 3rd over - 0 run(s), 1 hit(s), 0 error(s), 0 left on base; New York 0 - So Cal 0 |
BOTTOM OF THE 3RD |
So Cal Henvy batting - Pitching for New York Knights : RHP Dan Wilson
|
Batting: RHB Gregg Nelson
|
0-0: Ball 1-0: Ball 2-0: Swinging Strike 2-1: Foul Ball, location: 2F 2-2: Ball 3-2: Foul Ball, location: 2F 3-2: Foul Ball, location: 2F 3-2: SINGLE (Groundball, 6MD)
|
Batting: SHB Miguel González
|
0-0: Ball Wild Pitch! Gregg Nelson to second 1-0: Foul Ball, location: 2F 1-1: Ground out 4-3 (Groundball, 4M) Gregg Nelson to third
|
Batting: LHB John Peterson
|
0-0: Foul Ball, location: 2F 0-1: Foul Ball, location: 2F 0-2: DOUBLE (Line Drive, 89M) Gregg Nelson scores
|
Batting: RHB Earl Wiggins
|
0-0: Ball 1-0: Ball 2-0: Ground out 6-3 (Groundball, 56)
|
Batting: LHB César Valentín
|
0-0: Ball 1-0: Ball 2-0: Foul Ball, location: 2F 2-1: Ball Passed Ball! John Peterson to third 3-1: Ground out 6-3 (Groundball, 6M)
|
Bottom of the 3rd over - 1 run(s), 2 hit(s), 0 error(s), 1 left on base; New York 0 - So Cal 1 |
TOP OF THE 4TH |
New York Knights batting - Pitching for So Cal Henvy : LHP Ramiro Jiménez
|
Batting: RHB Pepe Carrasco
|
0-0: Ball 1-0: Ball 2-0: Ball 3-0: Called Strike 3-1: SINGLE (Groundball, 5D)
|
Batting: LHB Troy Donaldson
|
0-0: Ball 1-0: Fielders Choice at 2nd, 3-6 (Groundball, 3)
|
Batting: LHB Tom Waller
|
0-0: Called Strike 0-1: Ball 1-1: Ball 2-1: Called Strike 2-2: SINGLE (Line Drive, 4) Troy Donaldson to second Runner from 2nd tries for 3rd, SAFE, no throw or cutoff
|
Batting: RHB Cheng-ho Qiao
|
0-0: Called Strike 0-1: Ball 1-1: Swinging Strike 1-2: Ball 2-2: Ball 3-2: SINGLE (Groundball, 56) Troy Donaldson scores Tom Waller to second
|
Batting: RHB Sixto Vélez
|
0-0: Swinging Strike 0-1: Foul Ball, location: 2F 0-2: Foul Ball, location: 2F 0-2: Ball 1-2: Foul Ball, location: 2F 1-2: Ball 2-2: Ball 3-2: Ground out 5-3 (Groundball, 5S) Tom Waller to third Cheng-ho Qiao to second
|
Batting: RHB Daryl Floyd
|
0-0: Ball 1-0: Ball 2-0: Ball 3-0: Base on Balls
|
Batting: RHB Lonnie Anderson
|
0-0: Ball 1-0: GRAND SLAM HOME RUN (Flyball, 8RXD), Distance : 413 ft
|
Batting: RHB Yasuhiko Sumita
|
0-0: Ball 1-0: Ball 2-0: Called Strike 2-1: Foul Ball, location: 2F 2-2: Ground out 6-3 (Groundball, 6)
|
Top of the 4th over - 5 run(s), 4 hit(s), 0 error(s), 0 left on base; New York 5 - So Cal 1 |
BOTTOM OF THE 4TH |
So Cal Henvy batting - Pitching for New York Knights : RHP Dan Wilson
|
Batting: RHB Rubén Calderón
|
0-0: Called Strike 0-1: Ball 1-1: Ball 2-1: SINGLE (Line Drive, 7S)
|
Batting: LHB José Antonio Santiago
|
0-0: Foul Ball, location: 2F 0-1: Ball 1-1: Foul Ball, location: 2F 1-2: Ball 2-2: Fielders Choice at 2nd, 6-4 (Groundball, 6)
|
Batting: RHB Morgan Gibbon
|
0-0: Called Strike 0-1: Swinging Strike 0-2: 2-RUN HOME RUN (Flyball, 7D), Distance : 350 ft
|
Batting: SHB Derek Roach
|
0-0: Swinging Strike 0-1: Ground out 4-3 (Groundball, 4)
|
Batting: RHB Gregg Nelson
|
0-0: Called Strike 0-1: Ball 1-1: Swinging Strike 1-2: Ball 2-2: Foul Ball, location: 2F 2-2: Fly out, F4 (Popup, 4D)
|
Bottom of the 4th over - 2 run(s), 2 hit(s), 0 error(s), 0 left on base; New York 5 - So Cal 3 |
TOP OF THE 5TH |
New York Knights batting - Pitching for So Cal Henvy : LHP Ramiro Jiménez
|
Batting: LHB Warren Potter
|
0-0: Ball 1-0: Called Strike 1-1: Foul Ball, location: 2F 1-2: Ball 2-2: Ball 3-2: SINGLE (Flyball, 8RS)
|
Batting: RHB Pepe Carrasco
|
0-0: Ball 1-0: Swinging Strike 1-1: Ball 2-1: Swinging Strike 2-2: SINGLE (Groundball, 4M) Warren Potter to second
|
Batting: LHB Troy Donaldson
|
0-0: Ball 1-0: Ball 2-0: Fielders Choice at 2nd, 4-6 (Groundball, 34) Warren Potter to third
|
Batting: LHB Tom Waller
|
0-0: Ball 1-0: Foul Ball, location: 2F 1-1: Fly out, F9 (Flyball, 9S)
|
Batting: RHB Cheng-ho Qiao
|
0-0: Foul Ball, location: 2F 0-1: Swinging Strike 0-2: Fly out, F8 (Popup, 8LS)
|
Top of the 5th over - 0 run(s), 2 hit(s), 0 error(s), 2 left on base; New York 5 - So Cal 3 |
BOTTOM OF THE 5TH |
So Cal Henvy batting - Pitching for New York Knights : RHP Dan Wilson
|
Batting: SHB Miguel González
|
0-0: Foul Ball, location: 2F 0-1: Foul Ball, location: 2F 0-2: Ball 1-2: Ground out 4-3 (Groundball, 4)
|
Batting: LHB John Peterson
|
0-0: Foul Ball, location: 2F 0-1: Foul Ball, location: 2F 0-2: Ball 1-2: SINGLE (Groundball, 4M)
|
Batting: RHB Earl Wiggins
|
0-0: Ball 1-0: Ball 2-0: Called Strike 2-1: Swinging Strike 2-2: Strikes out swinging
|
Batting: LHB César Valentín
|
0-0: Ball 1-0: Ball 2-0: Ground out U3 (Groundball, 3)
|
Bottom of the 5th over - 0 run(s), 1 hit(s), 0 error(s), 1 left on base; New York 5 - So Cal 3 |
TOP OF THE 6TH |
New York Knights batting - Pitching for So Cal Henvy : LHP Ramiro Jiménez
|
Batting: RHB Sixto Vélez
|
0-0: Foul Ball, location: 2F 0-1: Called Strike 0-2: Ground out 6-3 (Groundball, 6M)
|
Batting: RHB Daryl Floyd
|
0-0: Fly out, F7 (Flyball, 7M)
|
Batting: RHB Lonnie Anderson
|
0-0: Ground out 5-3 (Groundball, 5)
|
Top of the 6th over - 0 run(s), 0 hit(s), 0 error(s), 0 left on base; New York 5 - So Cal 3 |
BOTTOM OF THE 6TH |
So Cal Henvy batting - Pitching for New York Knights : RHP Dan Wilson
|
Pitching: RHP Elton Johnston
|
|
Batting: RHB Rubén Calderón
|
0-0: Foul Ball, location: 2F 0-1: Swinging Strike 0-2: Strikes out swinging
|
Batting: LHB José Antonio Santiago
|
0-0: Swinging Strike 0-1: Swinging Strike 0-2: Ball 1-2: Ball 2-2: Strikes out looking
|
Batting: RHB Morgan Gibbon
|
0-0: Ball 1-0: Ball 2-0: Called Strike 2-1: Ball 3-1: Base on Balls
|
Batting: SHB Derek Roach
|
0-0: Called Strike 0-1: SINGLE (Line Drive, 6MD) Morgan Gibbon to second Runner from 2nd tries for 3rd, SAFE, throw made to third
|
Batting: RHB Gregg Nelson
|
0-0: Swinging Strike 0-1: Ball 1-1: Swinging Strike 1-2: Strikes out swinging
|
Bottom of the 6th over - 0 run(s), 1 hit(s), 0 error(s), 2 left on base; New York 5 - So Cal 3 |
TOP OF THE 7TH |
New York Knights batting - Pitching for So Cal Henvy : LHP Ramiro Jiménez
|
Pitching: RHP Yin-zhen Zong
|
|
Batting: RHB Yasuhiko Sumita
|
0-0: Ball 1-0: Fly out, F2 (Popup, 23F)
|
Batting: LHB Warren Potter
|
0-0: Swinging Strike 0-1: Ball 1-1: Ground out U3 (Groundball, 3S)
|
Pitching: RHP Jesse Little
|
|
Batting: RHB Pepe Carrasco
|
0-0: Ball 1-0: Foul Ball, location: 2F 1-1: Foul Ball, location: 2F 1-2: Ball 2-2: Ball 3-2: Base on Balls
|
Pitching: LHP Raúl Sandoval
|
|
Batting: LHB Troy Donaldson
|
0-0: Called Strike 0-1: Fly out, F7 (Popup, 7S)
|
Top of the 7th over - 0 run(s), 0 hit(s), 0 error(s), 1 left on base; New York 5 - So Cal 3 |
BOTTOM OF THE 7TH |
So Cal Henvy batting - Pitching for New York Knights : RHP Elton Johnston
|
Batting: SHB Miguel González
|
0-0: SINGLE (Groundball, 34D)
|
Pitching: LHP Scott Hill
|
|
Batting: LHB John Peterson
|
0-0: Called Strike 0-1: Ball 1-1: SINGLE (Flyball, 8LS) Miguel González to second Miguel González to third
|
Batting: RHB Earl Wiggins
|
0-0: Called Strike 0-1: Ball 1-1: SINGLE (Popup, 13) Miguel González scores John Peterson to second Runner from 2nd tries for 3rd, SAFE, throw made to third
|
Pitching: RHP Juan Velázquez
|
|
Batting: LHB César Valentín
|
0-0: Ground out U3 (Groundball, 3S) Earl Wiggins to second
|
Batting: RHB Rubén Calderón
|
0-0: Ball 1-0: Ground out 5-3 (Groundball, 56)
|
Batting: LHB José Antonio Santiago
|
0-0: Ball 1-0: Ball 2-0: Ground out 6-3 (Groundball, 6M)
|
Bottom of the 7th over - 1 run(s), 3 hit(s), 0 error(s), 2 left on base; New York 5 - So Cal 4 |
TOP OF THE 8TH |
New York Knights batting - Pitching for So Cal Henvy : LHP Raúl Sandoval
|
Pitching: RHP Jerry Good
|
|
Batting: LHB Tom Waller
|
0-0: Ball 1-0: Called Strike 1-1: Swinging Strike 1-2: SINGLE (Flyball, 78S)
|
Batting: RHB Cheng-ho Qiao
|
0-0: Ball 1-0: Swinging Strike 1-1: Swinging Strike 1-2: Strikes out swinging
|
Pinch Hitting: LHB Iván Salas
|
0-0: SINGLE (Line Drive, 7LS) Tom Waller to second
|
Pinch Runner at 2nd Diego González:
|
|
Pinch Hitting: LHB Pablo Rivas
|
0-0: Called Strike 0-1: Ball 1-1: Fly out, F3 (Line Drive, 3)
|
Pinch Hitting: LHB Vincente Sáenz
|
0-0: Ball 1-0: Ball 2-0: Called Strike 2-1: Swinging Strike 2-2: Ball 3-2: Foul Ball, location: 2F 3-2: Strikes out looking
|
Top of the 8th over - 0 run(s), 2 hit(s), 0 error(s), 2 left on base; New York 5 - So Cal 4 |
TOP OF THE 9TH |
New York Knights batting - Pitching for So Cal Henvy : RHP Jerry Good
|
Now at SS: Edouard Padovano
|
|
Batting: RHB Yasuhiko Sumita
|
0-0: Ball 1-0: Fly out, F8 (Flyball, 8LM)
|
Batting: LHB Warren Potter
|
0-0: Ball 1-0: Ball 2-0: Ball 3-0: Base on Balls
|
Batting: RHB Pepe Carrasco
|
0-0: Ball 1-0: Ball 2-0: Called Strike 2-1: SINGLE (Groundball, 5D) Warren Potter to second
|
Batting: LHB Troy Donaldson
|
0-0: Ball 1-0: Foul Ball, location: 2F 1-1: Fly out, F4 (Popup, 4MS)
|
Batting: LHB Diego González
|
0-0: Called Strike 0-1: Called Strike 0-2: Ball 1-2: Ball 2-2: Ball 3-2: SINGLE (Groundball, 4) Warren Potter to third Pepe Carrasco to second Warren Potter scores Pepe Carrasco to third
|
Batting: RHB Cheng-ho Qiao
|
0-0: Foul Ball, location: 2F 0-1: Ball 1-1: Called Strike 1-2: Ball 2-2: Ground out 1-3 (Groundball, 13S)
|
Top of the 9th over - 1 run(s), 2 hit(s), 0 error(s), 2 left on base; New York 6 - So Cal 4 |
BOTTOM OF THE 9TH |
So Cal Henvy batting - Pitching for New York Knights : RHP Felipe Rodríguez
|
Pitching: RHP Paco Ruíz
|
|
Batting: SHB Miguel González
|
0-0: Ball 1-0: Ball 2-0: Foul Ball, location: 2F 2-1: Ball 3-1: Base on Balls
|
Batting: LHB John Peterson
|
0-0: Ball 1-0: Ball 2-0: Called Strike 2-1: Ball 3-1: Foul Ball, location: 2F 3-2: Foul Ball, location: 2F 3-2: Base on Balls Miguel González to second
|
Batting: RHB Earl Wiggins
|
0-0: Called Strike 0-1: Swinging Strike 0-2: Foul Ball, location: 2F 0-2: Foul Ball, location: 2F 0-2: Foul Ball, location: 2F 0-2: Strikes out swinging
|
Batting: LHB César Valentín
|
0-0: Foul Ball, location: 2F 0-1: Fielders Choice at 2nd, 5-4 (Groundball, 56) Miguel González to third
|
Batting: RHB Rubén Calderón
|
0-0: Ball 1-0: Ball 2-0: Ball 3-0: Called Strike 3-1: Fly out, F8 (Line Drive, 8RM)
|
Bottom of the 9th over - 0 run(s), 0 hit(s), 0 error(s), 2 left on base; New York 6 - So Cal 4 |
|